 Dungeon Crawl Stone Soup version 0.24-a0-769-g368c164 (webtiles) character file.

Game seed: 16781333443832214103, levelgen mode: deterministic

128 2tousent the Ruffian (level 4, 0/52 HPs)
             Began as a Draconian Transmuter on Oct 4, 2019.
             Slain by Grinder (2 damage)
             ... on level 3 of the Dungeon.
             The game lasted 00:06:55 (2837 turns).

2tousent the Ruffian (Draconian Transmuter)         Turns: 2837, Time: 00:06:56

Health: 0/52       AC: 22    Str: 13    XL:     4   Next: 86%
Magic:  4/7        EV:  2    Int: 19    God:
Gold:   190        SH:  0    Dex: 11    Spells: 4/8 levels left

rFire    . . .     SeeInvis .     - Unarmed
rCold    . . .     Gourm    .   (no shield)
rNeg     + + +     Faith    .   (armour unavailable)
rPois    +         Spirit   .   (helmet currently unavailable)
rElec    .         Reflect  .   (cloak currently unavailable)
rCorr    .         Harm     .   (gloves currently unavailable)
MR       .....     NoTele   +   (boots currently unavailable)
Stlth    +.........             (no amulet)
HPRegen  0.17/turn              e - +5 ring of intelligence
MPRegen  0.10/turn              (no ring)

@: tree-form, very slightly contaminated, hasted, very quick
A: unfitting armour, AC +5
a: no special abilities


You were on level 3 of the Dungeon.
You were not hungry.
You were a tree.
You visited 1 branch of the dungeon, and saw 4 of its levels.

You collected 190 gold pieces.

Inventory:

Missiles
 a - 57 arrows
 m - 5 datura-tipped darts (quivered)
Armour
 b - a +0 pair of gloves (melded)
Jewellery
 e - a +5 ring of intelligence (left branch)
Wands
 k - a wand of polymorph (6)
 n - a wand of disintegration (13)
Scrolls
 d - 5 scrolls of identify
 f - 2 scrolls of immolation {unknown}
 j - 2 scrolls of remove curse {unknown}
 o - a scroll of enchant weapon {unknown}
 p - a scroll of blinking {unknown}
Potions
 g - 2 potions of degeneration
 h - a potion of haste
 r - 2 potions of lignification
Comestibles
 c - 7 rations
 q - 3 chunks of flesh


   Skills:
 - Level 1.1 Fighting
 - Level 1.7 Dodging
 * Level 4.1 Unarmed Combat
 + Level 2.5 Spellcasting
 * Level 3.3 Transmutations
 * Level 1.5 Poison Magic


You had 4 spell levels left.
You knew the following spells:

 Your Spells              Type           Power        Failure   Level  Hunger
a - Beastly Appendage     Tmut           ##....       4%          1    #......
b - Spider Form           Tmut/Pois      ##........   19%         3    ###....

Your spell library contained the following spells:

 Spells                   Type           Power        Failure   Level  Hunger
 Sticks to Snakes         Tmut           ##......     6%          2    ##.....
 Ice Form                 Ice/Tmut       #.......     63%         4    #####..
 Blade Hands              Tmut           ##........   75%         5    ######.


Dungeon Overview and Level Annotations

Branches:
Dungeon (4/15)
 Temple: D:4-7

Altars:

Annotations:
D:3 Grinder


Innate Abilities, Weirdness & Mutations

((Your plain brown scales are hard. (AC +5)))
You cannot fit into any form of body armour.
((You are cold-blooded and may be slowed by cold attacks.))


Message History

Grinder hits you but does no damage.
The leopard gecko bites you but does no damage.
Grinder gestures at you.
You shrug off the repeated paralysis!
The leopard gecko bites you but does no damage.
Grinder blinks!
The leopard gecko bites you but does no damage.
Grinder hits you but does no damage.
The leopard gecko bites you but does no damage.
The leopard gecko bites you but does no damage.
Grinder hits you but does no damage. The leopard gecko barely misses you.
Grinder barely misses you.
You can move again.
You hit Grinder.
Grinder is moderately wounded.
The leopard gecko bites you but does no damage.
You barely miss Grinder.
Grinder is moderately wounded.
Grinder hits you.
You die...

###.# #. #.# #.##.. #...#
#.## #.# #.##.# #.### #...
#.# #.##.# #.# ##..#
###)#####.##.# #.#
#.?.####)...........# #.#
##.....##.#..####.#..#
#.#####......##.#.......#..#
#............##.##.######..#
......#)...♣.##.##.# #..#
..........l.5...##.# #..#
...##.#########.# #..# .#
... #.# #..# #..l. ..# #..#
#.... ## #... .... #.## #.


You could see Grinder and a leopard gecko.

Vanquished Creatures
  Ijyb (D:3)
  An orc wizard (D:2)
  An adder (D:2)
  4 worms
  A dart slug (D:2)
  3 leopard geckos
  3 orcs (D:3)
  4 bats
  3 giant cockroaches
  6 goblins
  2 hobgoblins (D:1)
  4 frilled lizards
  8 kobolds
  8 rats
49 creatures vanquished.

Notes
Turn   | Place    | Note
-------+----------+-------------------------------------------
     0 | D:1      | 2tousent the Draconian Transmuter began the quest for the
                  | Orb.
     0 | D:1      | Reached XP level 1. HP: 16/16 MP: 3/3
   456 | D:1      | Reached XP level 2. HP: 21/23 MP: 5/5
  1508 | D:2      | Reached XP level 3. HP: 25/28 MP: 6/6
  1513 | D:2      | Learned a level 3 spell: Spider Form
  2495 | D:3      | Noticed Ijyb
  2504 | D:3      | Killed Ijyb
  2504 | D:3      | Reached skill level 1 in Poison Magic
  2504 | D:3      | Reached XP level 4. HP: 35/35 MP: 0/7
  2524 | D:3      | You fall into a shaft and drop 1 floor!
  2618 | D:2      | Reached skill level 4 in Unarmed Combat
  2805 | D:3      | Noticed Grinder
  2813 | D:3      | Paralysed by Grinder for 7 turns
  2827 | D:3      | HP: 2/52 [Grinder/puff of flame (6)]
  2828 | D:3      | Paralysed by Grinder for 7 turns
  2837 | D:3      | Slain by Grinder

Levels and vault maps discovered:
D:1:      minmay_arrival_hallway, layout_loops_corners, nrook_campfire,
          minmay_domino_2
D:2:      layout_basic, hex_large
D:3:      layout_loops_ring, uniq_grinder, uniq_ijyb
D:4:      layout_basic, serial_shops, nicolae_shop_waterfront

Skill      XL: |  1  2  3  4 |
---------------+-------------+-----
Transmutations | 3 |  3.3
Poison Magic   | 1 |  1.5
Unarmed Combat | 4 |  4.1
Fighting       | |  1.1
Dodging        | |  1.7
Spellcasting   | |  2.5

Action                   |  1- 3 |  4- 6 || total
-------------------------+-------+-------++-------
Melee: Unarmed           |   127 |    34 ||   161
       Tailslap          |     8 |     1 ||     9
       Headbutt          |     2 |       ||     2
 Cast: Beastly Appendage |     4 |       ||     4
       Spider Form       |     2 |     3 ||     5
Evoke: Wand              |       |     3 ||     3
  Use: Potion            |       |     3 ||     3
       Scroll            |       |     2 ||     2
 Stab: Sleeping          |     2 |       ||     2
  Eat: Chunk             |     5 |     2 ||     7
Armor: Skin              |    32 |    35 ||    67
Dodge: Dodged            |    80 |    28 ||   108

Table legend:
 A = Non-vault XP
 B = Vault XP
 C = Vault XP percentage of total XP
 D = Non-vault monster count
 E = Vault monster count
 F = Vault count percentage of total count
                 A         B        C        D         E       F
            +---------+---------+-------+---------+---------+-------
      Total |     143 |      40 |  21.9 |      46 |       3 |   6.1
            +---------+---------+-------+---------+---------+-------
        D:1 |      26 |       2 |   7.1 |      16 |       2 |  11.1
        D:2 |      88 |       0 |   0.0 |      18 |       0 |   0.0
        D:3 |      27 |      38 |  58.5 |      11 |       1 |   8.3
        D:4 |       2 |       0 |   0.0 |       1 |       0 |   0.0
            +---------+---------+-------+---------+---------+-------
